 Dungeon Crawl Stone Soup version 0.30-a0-311-gf115ab0292 (webtiles) character file.

Game seed: 6402976156237258975

3904 IdlyInterested the Cruncher (level 10, -3/70 HPs)
             Began as a Demonspawn Wanderer on Oct 24, 2022.
             Killed from afar by Psyche (4 damage)
             ... with a chain of chaos
             ... on level 8 of the Dungeon on Oct 25, 2022.
             The game lasted 00:31:39 (7755 turns).

IdlyInterested the Cruncher (Demonspawn Wanderer)   Turns: 7755, Time: 00:31:41

Health: -3/70      AC:  0    Str:  9    XL:     10   Next: 0%
Magic:  14/14      EV: 24    Int: 21    God:
Gold:   296        SH:  0    Dex: 18    Spells: 6/15 levels left

rFire   . . .      SeeInvis .    (weapon currently unavailable)
rCold   . . .      Faith    .    (shield currently unavailable)
rNeg    . . .      Spirit   .    (body armour currently unavailable)
rPois   .          Reflect  .    (helmet currently unavailable)
rElec   .          Harm     .    (cloak currently unavailable)
rCorr   .          Rampage  .    (gloves currently unavailable)
Will    .....                    (boots currently unavailable)
Stlth   ++........               (no amulet)
HPRegen 0.31/turn                (ring currently unavailable)
MPRegen 0.28/turn                (ring currently unavailable)

@: agile, bat-form (expiring), flying, very quick
A: fast, flying, no casting, tiny, (hooves 1), (molten scales 3), powered by
death 1, magic regeneration
a: no special abilities


You were on level 8 of the Dungeon.
You were a bat.
You visited 2 branches of the dungeon, and saw 9 of its levels.

You collected 569 gold pieces.
You spent 273 gold pieces at shops.

Inventory:

Hand Weapons
 a - a +2 quarterstaff
 r - the +10 spear "Newtbane" (melded) {vorpal, Str+2 Int+3}
   (You found it on level 3 of the Dungeon)

   It inflicts extra damage upon your enemies.
   Str:       It affects your strength (+2).
   Int:       It affects your intelligence (+3).
 w - a +0 trident
 z - a +2 spear of freezing
 A - the +2 great sword of Bodily Harmony {flame, Will- MP+9 Int+3}
   (You found it on level 5 of the Dungeon)

   It burns those it strikes, dealing additional fire damage.
   Big, fiery blades are also staple armaments of hydra-hunters.
   Int:       It affects your intelligence (+3).
   MP:        It affects your magic capacity (+9).
   Will:      It decreases your willpower.
Missiles
 b - 37 poisoned darts
 g - 78 stones
 y - 2 boomerangs
 C - 5 atropa-tipped darts
 F - a throwing net
 N - a curare-tipped dart
Armour
 n - +0 swamp dragon scales
 v - a +2 leather armour of fire resistance
 x - a +3 leather armour of cold resistance (melded)
 H - a +0 buckler
 J - a +2 pair of gloves (melded)
Magical Staves
 i - a staff of air
Jewellery
 h - a +4 ring of evasion (melded)
 l - a ring of fire
 E - a ring of flight (melded)
Wands
 s - a wand of roots (10)
 u - a wand of flame (10)
Scrolls
 c - 4 scrolls of vulnerability
 d - 6 scrolls of fear
 e - a scroll of immolation
 f - 4 scrolls of enchant armour
 j - a scroll of silence
 k - 2 scrolls of amnesia
 m - 2 scrolls of poison
 q - 2 scrolls of identify
 B - 2 scrolls of teleportation
 I - a scroll of butterflies
 O - a scroll of enchant weapon {unknown}
Potions
 t - a potion of mutation
 G - 2 potions of flight
 K - a potion of lignification
 L - a potion of haste


   Skills:
 * Level 3.6 Fighting
 + Level 10.0 Staves
 - Level 2.0 Throwing
 - Level 2.0 Armour
 - Level 2.0 Dodging
 - Level 2.0 Stealth
 - Level 3.0 Spellcasting
 + Level 6.0 Necromancy
 - Level 3.0 Air Magic
 - Level 3.0 Earth Magic
 * Level 2.0 Evocations


You had 6 spell levels left.
You knew the following spells:

 Your Spells              Type           Power      Damage    Failure   Level
a - Sandblast             Erth           30%        2d9       3%          1
b - Borgnjor's Vile Clut  Necr/Erth      11%        N/A       50%         5
c - Vampiric Draining     Necr           28%        2d8       3%          3

Your spell library contained the following spells:

 Spells                   Type           Power      Damage    Failure   Level
 Necrotise                Necr           100%       1d9       1%          1
 Scorch                   Fire           6%         2d5       21%         2
 Stone Arrow              Conj/Erth      18%        3d8       22%         3
 Agony                    Necr           28%        N/A       30%         5
 Inner Flame              Hex/Fire       3%         N/A       36%         3
 Ozocubu's Armour         Ice            3%         N/A       36%         3
 Flame Wave               Conj/Fire      3%         2d5       78%         4
 Sticky Flame             Conj/Fire      3%         2d3       78%         4
 Alistair's Intoxication  Tmut/Pois      2%         N/A       98%         5
 Metabolic Englaciation   Hex/Ice        1%         N/A       98%         5
 Simulacrum               Ice/Necr       7%         N/A       99%         6
 Eringya's Noxious Bog    Tmut/Pois      1%         N/A       100%        6
 Summon Cactus Giant      Summ           1%         N/A       100%        6


Dungeon Overview and Level Annotations

Branches:
Dungeon (8/15)             Temple (1/1) D:6
   Lair: D:8-11

Altars:
Ashenzari
Cheibriados
Dithmenos
Fedhas
Gozag
Hepliaklqana
Kikubaaqudgha
Makhleb
Nemelex Xobeh
Okawaru
Qazlal
Ru
Sif Muna
Trog
Uskayaw
Vehumet
Wu Jian
Xom
Yredelemnul

Shops:
D:7 !

Annotations:
D:8 Psyche


Innate Abilities, Weirdness & Mutations

You are a bat.
You are tiny and dextrous.
You move quickly.
You are flying.
Your equipment is almost entirely melded.
You are incapable of wielding weapons or throwing items.
You cannot cast spells.
((You have large cloven feet.))
((You are completely covered in molten scales. (AC +4, rF+)))
You regenerate a little health from kills.
You regenerate magic rapidly.


Message History

The arc of chaos hits you!
* * * LOW HITPOINT WARNING * * *
The arc of chaos hits you!
Something tries to affect you, but you resist.
You barely miss something.
You feel sick.
You hear some strange, mumbled words.
You feel much better.
You feel sick. Something hits you.
You feel agile all of a sudden.
You hit something but do no damage.
You feel sick. Something hits you! Something freezes you.
* * * LOW HITPOINT WARNING * * *
You feel better. Something barely misses you.
You hit something but do no damage.
You hear some strange, mumbled words.
You hit something but do no damage. Something hits you!
* * * LOW HITPOINT WARNING * * *
Something burns you.
* * * LOW HITPOINT WARNING * * *
You closely miss something. Something hits you.
* * * LOW HITPOINT WARNING * * *
Something tries to affect you, but you resist.
You hear some strange, mumbled words.
You hit something but do no damage.
Your transformation is almost over.
Something hits you.
* * * LOW HITPOINT WARNING * * *
You hit something but do no damage. Something completely misses you.
You feel better. Something hits you!
* * * LOW HITPOINT WARNING * * *
You are lethally poisoned!
You feel better. Something barely misses you.
Unknown command.
You barely miss something. Something closely misses you.
You hear some strange, mumbled words.
A swirling arc of seething chaos appears!
An arc of chaos appears from out of thin air!
The arc of chaos hits you!
* * * LOW HITPOINT WARNING * * *
The arc of chaos hits you.
You die...

###....................###.##
.......................# #.##
###..##.....#........# #...
#..#.....###.......# #...
#..#.##..# ###...### ##..
#.....)..# #...# #.#
#.......## #...########..
####.#########.........##.
#.##/.{b.............#
#.##..................
.....................#
...########.........## #...#
#...####### . #...# #...#
#...#


There were no monsters in sight!

Vanquished Creatures
  2 two-headed ogres (D:8)
  Maggie (D:8)
  A steam dragon (D:8)
  2 water moccasins (D:7)
  An ice beast (D:7)
  An orc warrior (D:5)
  3 ogres
  A black bear (D:6)
  A phantom (D:7)
  A centaur (D:5)
  2 kobold brigands
  2 bullfrogs (D:7)
  A necrophage (D:5)
  3 scorpions
  7 wights
  2 hounds (D:5)
  A jelly (D:6)
  Jessica (D:2)
  Ijyb (D:5)
  Terence (D:2)
  4 iguanas
  An orc wizard (D:4)
  11 adders
  9 river rats (D:6)
  6 dart slugs
  10 orcs
  5 bats
  7 endoplasms
  10 goblins
  9 hobgoblins
  8 quokkas
  9 ball pythons
  3 frilled lizards
  16 kobolds
  19 rats
162 creatures vanquished.

Vanquished Creatures (others)
  An orc (D:8)
  A kobold (D:8)
  2 plants (D:3)
4 creatures vanquished.

Grand Total: 166 creatures vanquished

Notes
Turn   | Place    | Note
-------+----------+-------------------------------------------
     0 | D:1      | IdlyInterested the Demonspawn Wanderer began the quest for
                  | the Orb.
     0 | D:1      | IdlyInterested set off with the following items: a +2
                  | quarterstaff, 11 poisoned darts, a +0 dagger, a scroll of
                  | fear, a +0 robe; and the following spell memorised:
                  | Sandblast; and the following spells available to memorise:
                  | Stone Arrow.
     0 | D:1      | Reached XP level 1. HP: 15/15 MP: 2/2
    43 | D:1      | Reached skill level 3 in Staves
   176 | D:1      | Gained mutation: You regenerate magic rapidly. [demonic
                  | ancestry]
   176 | D:1      | Reached XP level 2. HP: 19/21 MP: 3/3
   478 | D:1      | Found a faded altar of an unknown god.
  1155 | D:2      | Reached skill level 1 in Stealth
  1155 | D:2      | Reached XP level 3. HP: 8/26 MP: 4/4
  1332 | D:2      | Noticed Jessica
  1345 | D:2      | Killed Jessica
  1419 | D:2      | Gained mutation: You regenerate a little health from kills.
                  | [demonic ancestry]
  1419 | D:2      | Reached XP level 4. HP: 32/32 MP: 5/5
  1447 | D:2      | Reached skill level 4 in Staves
  1738 | D:2      | Noticed Terence
  1748 | D:2      | Killed Terence
  2572 | D:3      | Identified the +10 spear "Newtbane" {vorpal, Str+2 Int+3}
  2812 | D:3      | Found a shimmering altar of Xom.
  2827 | D:3      | Reached XP level 5. HP: 38/38 MP: 6/6
  2846 | D:3      | Found a sacrificial altar of Ru.
  3475 | D:4      | Noticed an ogre
  3484 | D:4      | Killed an ogre
  3485 | D:4      | Reached skill level 5 in Staves
  3607 | D:4      | Gained mutation: You are partially covered in molten
                  | scales. (AC +2) [demonic ancestry]
  3607 | D:4      | Reached XP level 6. HP: 46/46 MP: 7/7
  3720 | D:4      | Found a large runed translucent door.
  3721 | D:4      | Found a large runed translucent door.
  4178 | D:4      | Found a shimmering blue altar of Sif Muna.
  4190 | D:4      | Found a snail-covered altar of Cheibriados.
  4283 | D:4      | Learned a level 5 spell: Borgnjor's Vile Clutch
  4286 | D:5      | Entered Level 5 of the Dungeon
  4306 | D:5      | Noticed Ijyb
  4317 | D:5      | Killed Ijyb
  4325 | D:5      | Noticed an orc warrior
  4336 | D:5      | Killed an orc warrior
  4337 | D:5      | Reached skill level 1 in Necromancy
  4344 | D:5      | Reached skill level 6 in Staves
  4344 | D:5      | Gained mutation: You are mostly covered in molten scales.
                  | (AC +3) [demonic ancestry]
  4344 | D:5      | Reached XP level 7. HP: 43/52 MP: 8/8
  4420 | D:5      | Reached skill level 1 in Armour
  4446 | D:5      | Identified the +2 great sword of Bodily Harmony {flame,
                  | Will- MP+9 Int+3}
  5323 | D:6      | Reached skill level 7 in Staves
  5323 | D:6      | Gained mutation: You are completely covered in molten
                  | scales. (AC +4, rF+) [demonic ancestry]
  5323 | D:6      | Reached XP level 8. HP: 40/58 MP: 9/9
  5340 | D:6      | Learned a level 3 spell: Vampiric Draining
  5528 | D:6      | Found a staircase to the Ecumenical Temple.
  5533 | Temple   | Entered the Ecumenical Temple
  6192 | D:6      | Upgraded the game from 0.30-a0-310-g7d6cbdfea6 to
                  | 0.30-a0-311-gf115ab0292
  6384 | D:7      | Reached skill level 5 in Necromancy
  6500 | D:7      | Reached skill level 8 in Staves
  6553 | D:7      | Found Ecarph's Distillery.
  6838 | D:7      | Reached XP level 9. HP: 60/63 MP: 11/11
  7098 | D:7      | Bought a potion of haste for 130 gold pieces
  7098 | D:7      | Bought a potion of curing for 39 gold pieces
  7098 | D:7      | Bought a potion of heal wounds for 65 gold pieces
  7098 | D:7      | Bought a potion of curing for 39 gold pieces
  7378 | D:8      | Noticed a two-headed ogre
  7388 | D:8      | Noticed a two-headed ogre
  7391 | D:8      | Killed a two-headed ogre
  7392 | D:8      | Reached skill level 9 in Staves
  7410 | D:8      | Reached skill level 1 in Air Magic
  7410 | D:8      | Killed a two-headed ogre
  7636 | D:8      | Noticed Maggie
  7655 | D:8      | Killed Maggie
  7656 | D:8      | Reached skill level 10 in Staves
  7656 | D:8      | Gained mutation: You have large cloven feet. [demonic
                  | ancestry]
  7656 | D:8      | Reached XP level 10. HP: 65/70 MP: 14/14
  7731 | D:8      | Noticed Psyche
  7751 | D:8      | HP: 3/70 [something (6)]
  7755 | D:8      | HP: 1/70 [something/chain of chaos (9)]
  7755 | D:8      | Killed from afar by Psyche

Illustrated notes

Levels and vault maps discovered:
D:1:      dpeg_arrival_morbid_curiosity, layout_loops_ring,
          ebering_ecumenical_altar_sacrificial
D:2:      layout_loops_corners, chequers_big_river, minmay_goblin_kobold_house,
          uniq_terence, uniq_jessica
D:3:      layout_basic, mainiacjoe_overflow_six_doors_small, lemuel_tele_altar,
          minmay_misc_feat_five, serial_bayou_lagoon_a
D:4:      layout_loops_ring, jmf_multi_god_temple2
D:5:      layout_loops_cross, minmay_fractal_squares_diagonal_5, uniq_ijyb
D:6:      lemuel_ratsnest, layout_loops_ring, temple_doors_e
D:7:      layout_loops_cross, serial_shops, shop_statue, kennysheep_another_room
D:8:      layout_loops_cross, uniq_maggie, uniq_erica, uniq_psyche
Temple:   regret_index_temple_chain_breaker

Skill      XL: |  1  2  3  4  5  6  7  8  9 |
---------------+----------------------------+-----
Staves         | 3 4 5 6 7 8 10 | 10.0
Stealth        | 1 2 |  2.0
Fighting       | 2 3 |  3.6
Dodging        | 2 |  2.0
Necromancy     | 2 3 5 6 |  6.0
Armour         | 1 2 |  2.0
Throwing       | 2 |  2.0
Spellcasting   | 3 |  3.0
Earth Magic    | 3 |  3.0
Air Magic      | 3 |  3.0
Evocations     | 2 |  2.0

Action                   |  1- 3 |  4- 6 |  7- 9 | 10-12 || total
-------------------------+-------+-------+-------+-------++-------
Melee: Quarterstaff      |    84 |    40 |       |       ||   124
       Spear             |       |    73 |   238 |     1 ||   312
       Punch             |       |       |     1 |       ||     1
       Unarmed           |       |       |       |    15 ||    15
Throw: Dart              |     3 |     3 |     9 |       ||    15
       Stone             |       |       |     3 |       ||     3
 Cast: Sandblast         |       |     1 |       |       ||     1
       Vampiric Draining |       |       |     3 |       ||     3
Evoke: Wand              |       |     1 |     6 |       ||     7
  Use: Scroll            |     6 |     5 |     3 |     2 ||    16
       Potion            |       |     2 |       |     4 ||     6
 Stab: Sleeping          |       |     4 |     3 |       ||     7
Armor: Robe              |     6 |       |       |       ||     6
       Leather armour    |     1 |    30 |    43 |     1 ||    75
Dodge: Dodged            |    76 |    87 |   102 |     5 ||   270

Table legend: (Time is in decaauts)
 A = Elapsed time spent in this place.
 B = Non-inter-level travel time spent in this place.
 C = Inter-level travel time spent in this place.
 D = Time resting spent in this place.
 E = Time spent auto-exploring this place.
 F = Levels seen in this place.
 G = Mean time per level.
                   A        B        C        D        E       F      G
               +--------+--------+--------+--------+--------+-----+--------+
         Total |   7757 |   6545 |   1212 |    301 |   4514 |   9 |  861.9 |
       Dungeon |   7636 |   6436 |   1200 |    301 |   4423 |   8 |  954.5 |
        Temple |    120 |    108 |     12 |      0 |     91 |   1 |  120.0 |
               +--------+--------+--------+--------+--------+-----+--------+

Top non-repeatable levels by time:
     D:2: 1232 daAuts
     D:1: 1186 daAuts
     D:3: 1184 daAuts
     D:7: 1069 daAuts
     D:6: 907 daAuts
     D:5: 905 daAuts
     D:4: 768 daAuts
     D:8: 383 daAuts
  Temple: 120 daAuts
